 Dungeon Crawl Stone Soup version 0.28.0-1-gb440e238dd (webtiles) character file.

Game seed: 8515376769192703871

254 RascalDebosk the Chucker (level 5, 0/52 HPs)
             Began as a Troll Hunter on Feb 27, 2022.
             Slain by a phantom (5 damage)
             ... in a sewer.
             The game lasted 00:18:29 (2844 turns).

RascalDebosk the Chucker (Troll Hunter)             Turns: 2844, Time: 00:18:30

Health: 0/52       AC:  4    Str: 20    XL:     5   Next: 90%
Magic:  4/4        EV: 10    Int: 11    God:
Gold:   128        SH:  0    Dex: 12    Spells: 4/4 levels left

rFire   . . .      SeeInvis .   i - +1 dagger (flame)
rCold   . . .      Faith    .   (no shield)
rNeg    . . .      Spirit   .   q - +0 robe "Funiehun" {Int+4}
rPois   .          Reflect  .   (helmet restricted)
rElec   .          Harm     .   (no cloak)
rCorr   .          Rampage  .   (gloves unavailable)
Will    .....                   (boots unavailable)
Stlth   +.........              (no amulet)
HPRegen 0.97/turn               (no ring)
MPRegen 0.09/turn               (no ring)

@: very slow
A: large, unfitting armour, claws 3, regeneration 1, shaggy fur 1, tough skin 1
a: no special abilities


You were in a sewer.
You visited 1 branch of the dungeon, and saw 3 of its levels.
You also visited: Sewer.

You collected 128 gold pieces.

Inventory:

Hand Weapons
 a - a +0 short sword
 i - a +1 dagger of flaming (weapon)
Missiles
 c - 5 large rocks
 d - 2 throwing nets
 e - 39 stones (quivered)
 s - 15 poisoned darts
Armour
 b - a +0 robe
 q - the +0 robe "Funiehun" (worn) {Int+4}
   (You found it on level 2 of the Dungeon)

   Int:       It affects your intelligence (+4).
Jewellery
 o - a +4 ring of evasion
 p - an amulet of regeneration
Scrolls
 f - a scroll of fear {unknown}
 l - a scroll of enchant weapon {unknown}
 n - 2 scrolls of identify {unknown}
Potions
 h - a potion of lignification {unknown}
 j - a potion of ambrosia {unknown}
 k - a potion of attraction {unknown}
 m - a potion of mutation {unknown}
 r - a potion of haste {unknown}


   Skills:
 + Level 2.9 Fighting
 + Level 1.8 Short Blades
 + Level 4.5 Throwing
 + Level 2.9 Dodging
 - Level 0.8 Stealth


You had 4 spell levels left.
You didn't know any spells.
Your spell library contained the following spells:

 Spells                   Type           Power      Damage    Failure   Level
 Apportation              Tloc           0%         N/A       34%         1
 Blink                    Tloc           0%         N/A       47%         2
 Ensorcelled Hibernation  Hex/Ice        0%         N/A       47%         2
 Passwall                 Tmut/Erth      0%         N/A       47%         2
 Lesser Beckoning         Tloc           0%         N/A       71%         3
 Swiftness                Air            0%         N/A       71%         3
 Alistair's Intoxication  Tmut/Pois      0%         N/A       100%        5
 Manifold Assault         Tloc           0%         N/A       100%        5


Dungeon Overview and Level Annotations

Branches:
Dungeon (3/15)              Sewer (1/1)

Altars:

Annotations:
Sewer Grinder


Innate Abilities, Weirdness & Mutations

You are too large for most types of armour.
You have claws for hands.
Your natural rate of healing is unusually fast.
You are covered in fur. (AC +1)
You have tough skin. (AC +1)


Message History

The ufetubus barely misses you.
The kobold throws a stone.
The stone hits you.
* * * LOW HITPOINT WARNING * * *
You hit the ufetubus. You burn the ufetubus.
The ufetubus is almost dead.
The ufetubus closely misses you. The ufetubus hits you.
* * * LOW HITPOINT WARNING * * *
You closely miss the ufetubus.
The ufetubus is almost dead.
The ufetubus hits you but does no damage. x2
Grinder comes into view.
The ufetubus closely misses you. x2
You miss the ufetubus.
The ufetubus is severely wounded.
Grinder shouts!
The kobold hits you but does no damage. The ufetubus hits you.
* * * LOW HITPOINT WARNING * * *
The ufetubus hits you but does no damage.
You miss the ufetubus.
The ufetubus is severely wounded.
The kobold barely misses you. The ufetubus hits you.
* * * LOW HITPOINT WARNING * * *
The ufetubus hits you.
* * * LOW HITPOINT WARNING * * *
An ufetubus comes into view.
You closely miss the ufetubus.
The ufetubus is severely wounded.
The ufetubus barely misses you.
The ufetubus hits you but does no damage.
The kobold hits you with a +0 whip.
* * * LOW HITPOINT WARNING * * *
You hit the ufetubus. You burn the ufetubus.
You kill the ufetubus!
The kobold hits you with a +0 whip.
* * * LOW HITPOINT WARNING * * *
A kobold comes into view. It is wielding a +0 dagger.
The kobold shouts!
You hit the kobold but do no damage. The kobold barely misses you.
You barely miss the kobold. The kobold barely misses you.
You closely miss the kobold. The phantom hits you.
You die...

#..≈≈≈≈≈≈≈≈≈≈≈≈≈#.≈≈# #
#..≈≈≈≈≈≈≈≈≈≈≈≈≈#.≈≈# #≈
....≈≈≈≈≈≈≈≈≈≈ #.≈≈# ##.
###.#≈###≈≈#≈####.≈≈#
#K.S#≈≈.......†.....#.≈≈#
'..55≈≈≈...........))†.≈#
..K#J≈..)..........#.≈≈#
###W###≈##≈##≈####.##
#..K@≈≈≈≈≈≈≈≈≈≈≈≈≈.≈#
#...≈≈≈≈≈≈≈≈≈≈≈≈≈≈≈≈#
#..≈≈≈≈≈≈≈≈≈≈≈≈≈≈.≈≈#
#(.≈≈≈≈≈≈≈≈≈≈≈≈≈≈≈≈≈#
#.≈≈≈≈≈≈≈≈≈≈≈≈≈≈≈≈≈≈#
'..≈≈≈≈≈≈≈≈≈≈≈≈≈≈≈≈≈#
######################


You could see Grinder, a phantom, an ufetubus, an endoplasm, a ball python and 2
kobolds.

Vanquished Creatures
  A kobold brigand (Sewer)
  An adder (D:3)
  5 river rats (D:3)
  4 shadow imps (Sewer)
  5 ufetubi (Sewer)
  4 worms (D:2)
  An orc (D:3)
  6 ball pythons
  A bat zombie (Sewer)
  3 endoplasms
  3 giant cockroaches
  5 goblins
  3 hobgoblins (D:1)
  3 jackals
  11 kobolds
  3 quokkas
  4 bats (D:1)
  2 frilled lizards
  6 rats
71 creatures vanquished.

Notes
Turn   | Place    | Note
-------+----------+-------------------------------------------
     0 | D:1      | RascalDebosk the Troll Hunter began the quest for the Orb.
     0 | D:1      | Reached XP level 1. HP: 19/19 MP: 0/0
   128 | D:1      | Reached XP level 2. HP: 28/28 MP: 1/1
   599 | D:1      | Found a faded altar of an unknown god.
   746 | D:1      | Reached XP level 3. HP: 35/35 MP: 2/2
  2064 | D:2      | Identified the +0 robe "Funiehun" {Int+4}
  2480 | D:3      | Reached skill level 4 in Throwing
  2485 | D:3      | Reached XP level 4. HP: 21/42 MP: 3/3
  2568 | D:3      | Reached skill level 1 in Short Blades
  2615 | D:3      | Found a glowing drain.
  2622 | Sewer    | Entered a sewer
  2679 | Sewer    | Reached XP level 5. HP: 47/50 MP: 4/4
  2829 | Sewer    | Noticed a phantom
  2837 | Sewer    | Noticed Grinder
  2844 | Sewer    | Slain by a phantom

Illustrated notes

Levels and vault maps discovered:
D:1:      sevenhm_arrival_forest_fort_small_4, layout_loops_ring,
          shapermc_ecumenical_altar_mp_ritualfount, minmay_pentomino_w4
D:2:      layout_loops_corners, st_stairs_3,
          hangedman_abyss_or_decor_lesser_grid
D:3:      minmay_roachtagon, layout_rooms, lightli_sewer_entry_pipes,
          chequers_serial_rivers_room_a, uniq_terence
Sewer:    kennysheep_sewer_church

Skill      XL: |  1  2  3  4 |
---------------+-------------+-----
Fighting       | 2 |  2.9
Dodging        | 2 |  2.9
Throwing       | 4 |  4.5
Short Blades   | 1 |  1.8
Stealth        | |  0.8

Action                   |  1- 3 |  4- 6 || total
-------------------------+-------+-------++-------
Melee: Unarmed           |    49 |       ||    49
       Dagger            |    98 |   140 ||   238
       Punch             |       |     1 ||     1
Throw: Stone             |    32 |    27 ||    59
  Use: Potion            |       |     1 ||     1
 Stab: Sleeping          |       |     1 ||     1
Armor: Robe              |    42 |    50 ||    92
Dodge: Dodged            |    45 |   118 ||   163
